Map: Whispers of Gold

Players

llllllllllll - Winner!

  • Race: Zerg Zerg
  • League: Diamond
  • Spawn Location: 9:00

白痴仔李少好走

  • Race: Terran Terran
  • League: Diamond
  • Spawn Location: 5:00

VOD

Have the link to the VOD?

Description

Time

  • Played on: April 25, 2025, 9:08 a.m.
  • Length: 4:20
Show
View Real Time Build Order
Export as new Build Order

llllllllllll Zerg - Winner!

Build Orders: Hatch First 

Get SALT Encoding   

  12  0:00  Drone  
  13  0:12  Overlord  
  13  0:18  Drone  
  14  0:31  Drone x2  
  16  0:48  Hatchery  
  15  0:52  Drone  
  15  0:55  Drone  
  17  0:59  Drone  
  17  1:01  Extractor  
  17  1:16  Spawning Pool  
  16  1:19  Drone  
  16  1:23  Drone  
  18  1:31  Drone  
  19  1:39  Overlord  
  19  2:02  Metabolic Boost  
  19  2:05  Queen  
  19  2:06  Queen  
  23  2:11  Zergling x2  
  23  2:13  Zergling x2  
  25  2:16  Zergling x2  
  25  2:19  Zergling x2  
  27  2:23  Zergling x2  
  28  2:36  Baneling Nest  
  28  2:37  Drone  
  28  2:40  Zergling x2  
  28  2:41  Zergling x2  
  30  2:48  Overlord  
  30  2:53  Zergling x2  
  30  2:56  Zergling x2  
  32  3:03  Zergling x4  
  34  3:09  Zergling x4  
  36  3:15  Zergling x2  
  36  3:16  Zergling x2  
  36  3:19  Zergling x2  
  39  3:28  Baneling  
  39  3:29  Baneling x5  
  39  3:31  Baneling  
  39  3:37  Drone  
  39  3:38  Drone  
  41  3:42  Drone  
  41  3:46  Drone  
  43  3:54  Drone x2  
  38  3:57  Drone  
  38  4:00  Drone  
  38  4:01  Drone  
  40  4:05  Drone  
Show
View Real Time Build Order
Export as new Build Order

白痴仔李少好走 Terran 

Build Orders: Reaper Expand 

Get SALT Encoding   

  12  0:00  SCV  
  13  0:12  SCV  
  14  0:18  Supply Depot  
  14  0:24  SCV  
  15  0:39  SCV  
  15  0:41  Barracks  
  16  0:45  Refinery  
  16  0:51  SCV  
  17  1:04  SCV  
  18  1:16  SCV  
  19  1:28  Orbital Command  
  19  1:29  Reaper  
  20  1:44  Command Center  
  20  1:52  Supply Depot  
  20  1:59  SCV  
  21  2:01  Marine  
  22  2:11  SCV  
  23  2:16  Factory  
  23  2:24  Barracks Reactor  
  23  2:27  SCV  
  24  2:39  SCV  
  25  2:48  Command Center  
  25  2:56  Bunker  
  25  3:00  Orbital Command  
  25  3:04  Marine, Widow Mine  
  28  3:19  Marine  
  28  3:22  Orbital Command, Bunker  
  28  3:26  Widow Mine  
  30  3:30  Marine  
  31  3:36  Barracks  
  31  3:38  SCV  
  32  3:47  Factory Tech Lab  
  32  3:50  SCV  
  33  4:02  SCV  
Tags
 
Add a new tag
Caveats
  • Supply blocks, unpowered buildings, or Contaminate may cause inaccurate times.
  • Supply counts are checked every 10 seconds.